 Dungeon Crawl Stone Soup version 0.26-a0-651-gb41185065b (webtiles) character file.

Game seed: 15462804561478306722

37 Flugslaktarn the Shield-Bearer (level 3, -1/34 HPs)
             Began as a Deep Dwarf Fighter on Oct 12, 2020.
             Slain by a worm (2 damage)
             ... on level 2 of the Dungeon.
             The game lasted 00:00:14 (275 turns).

Flugslaktarn the Shield-Bearer (Deep Dwarf Fighter)  Turns: 275, Time: 00:00:15

Health: -1/34      AC:  6    Str: 19    XL:     3   Next: 21%
Magic:  3/3        EV:  7    Int:  8    God:
Gold:   19         SH:  9    Dex: 13    Spells: 2/2 levels left

rFire    . . .     SeeInvis .   a - +0 war axe
rCold    . . .     Faith    .   c - +0 kite shield
rNeg     . . .     Spirit   .   b - +0 scale mail
rPois    .         Reflect  .   (no helmet)
rElec    .         Harm     .   (no cloak)
rCorr    .         Rampage  .   (no gloves)
MR       .....                  (no boots)
Stlth    ..........             (no amulet)
HPRegen  0.00/turn              (no ring)
MPRegen  0.08/turn              (no ring)

@: non-regenerating
A: damage resistance, heal wounds, sense surroundings 1, no regeneration
a: Heal Wounds


You were on level 2 of the Dungeon.
You visited 1 branch of the dungeon, and saw 2 of its levels.

You collected 19 gold pieces.

Inventory:

Hand Weapons
 a - a +0 war axe (weapon)
Armour
 b - a +0 scale mail (worn)
 c - a +0 kite shield (worn)
Scrolls
 f - 2 scrolls of identify {unknown}
Potions
 d - a potion of might
 e - a potion of lignification {unknown}
 g - a potion of stabbing {unknown}


   Skills:
 * Level 3.1 Fighting
 * Level 3.0 Axes
 + Level 3.5 Armour
 + Level 3.5 Shields


You had 2 spell levels left.
You didn't know any spells.
Your spell library was empty.

Dungeon Overview and Level Annotations

Branches:
Dungeon (2/15)

Altars:

Annotations:
D:2 Sigmund


Innate Abilities, Weirdness & Mutations

You are resistant to damage.
You can heal yourself by infusing magical energy.
You passively map a small area around you.
You do not regenerate.


Message History

The hobgoblin hits you. Robin hits you with a +2 club.
You hit Robin.
You kill Robin!
Your Axes skill increases to level 3!
You have reached level 3!
Your experience leads to an increase in your attributes!
Increase (s)trength, (i)ntelligence, or (d)exterity?
You feel agile.
You hit the worm.
Your shield and scale mail prevent you from hitting the goblin.
You hit the hobgoblin. You hit the hobgoblin but do no damage.
The goblin no longer looks unusually strong.
A goblin comes into view. It is wielding a +0 club.
The goblin barely misses you. You block the hobgoblin's attack.
Something hits you!
* * * LOW HITPOINT WARNING * * *
The hobgoblin hits you with a +0 club.
* * * LOW HITPOINT WARNING * * *
The worm bites you.
You die...

, #.... .# #. #.., , ....
.# ,#.# #.. , * , ...#.# #
#.# #.. , . ..<.###.#.#
#.# *
..####.......#.###.####. ,
.......w................ ,
.......{.@)..(........####
.....?gg#.#..#.###......
......g##.# ,#.###..#### *
######g #.# #.#..)†# , *
**#r #.# #.#....# ,,
.g##.####.#....#
..#.......#....# , ,
...###########... * ,
#...#


You could see a worm, a dart slug, a quokka, 2 hobgoblins and 4 goblins.

Vanquished Creatures
  Robin (D:2)
  An ooze (D:2)
  A leopard gecko (D:1)
  A ball python (D:1)
  A giant cockroach (D:1)
  7 goblins
  A hobgoblin (D:2)
  2 bats (D:1)
  3 frilled lizards (D:1)
  4 rats
22 creatures vanquished.

Notes
Turn   | Place    | Note
-------+----------+-------------------------------------------
     0 | D:1      | Flugslaktarn the Deep Dwarf Fighter began the quest for the
                  | Orb.
     0 | D:1      | Reached XP level 1. HP: 20/20 MP: 1/1
     6 | D:1      | Noticed a black mamba
     6 | D:1      | Noticed a crocodile
     6 | D:1      | Noticed a lindwurm
     7 | D:1      | Noticed a black bear
    74 | D:1      | Reached XP level 2. HP: 27/27 MP: 2/2
   263 | D:2      | Noticed Robin
   263 | D:2      | Noticed Sigmund
   275 | D:2      | Killed Robin
   275 | D:2      | Reached XP level 3. HP: 11/34 MP: 3/3
   275 | D:2      | HP: 1/34 [hobgoblin/+0 club[Robin] (2)]
   275 | D:2      | Slain by a worm

Illustrated notes

Levels and vault maps discovered:
D:1:      onia_arrival_zoo_common, layout_basic, chequers_serial_rivers_large_a,
          minmay_fountain_box, minmay_tromino_i4
D:2:      layout_basic, uniq_sigmund, uniq_robin

Skill      XL: |  1  2 |
---------------+-------+-----
Fighting       | 3 |  3.1
Axes           | 3 |  3.0
Armour         | |  3.5
Shields        | |  3.5

Action                   || total
-------------------------++-------
Melee: War axe           ||    56
 Abil: Heal Wounds       ||     2
Armor: Scale mail        ||    32
Dodge: Dodged            ||    22
Block: Kite shield       ||    35

Table legend: (Time is in decaauts)
 A = Elapsed time spent in this place.
 B = Non-inter-level travel time spent in this place.
 C = Inter-level travel time spent in this place.
 D = Time resting spent in this place.
 E = Time spent auto-exploring this place.
 F = Levels seen in this place.
 G = Mean time per level.
                   A        B        C        D        E       F      G
               +--------+--------+--------+--------+--------+-----+--------+
         Total |    304 |    271 |     33 |      0 |    155 |   2 |  152.0 |
       Dungeon |    304 |    271 |     33 |      0 |    155 |   2 |  152.0 |
               +--------+--------+--------+--------+--------+-----+--------+

Top non-repeatable levels by time:
     D:1: 245 daAuts
     D:2: 58 daAuts
